 Dungeon Crawl Stone Soup version 0.23.2-1-ga50397a (webtiles) character file.

Game seed: 13496477373912431440

6103 Kairos the Cleaver (level 10, -6/91 HPs)
             Began as a Deep Dwarf Fighter on Apr 24, 2019.
             Was a Believer of Makhleb.
             Mangled by an orc warrior
             ... wielding a +0 glaive
              (18 damage)
             ... on level 8 of the Dungeon.
             The game lasted 00:23:13 (8203 turns).

Kairos the Cleaver (Deep Dwarf Fighter)             Turns: 8203, Time: 00:23:13

Health: -6/91      AC:  8    Str: 28    XL:     10   Next: 58%
Magic:  10/10      EV: 12    Int: 10    God:    Makhleb [**....]
Gold:   279        SH: 12    Dex: 12    Spells: 9/9 levels left

rFire    + . .     SeeInvis .   a - +2 war axe
rCold    + . .     Gourm    .   c - +0 shield
rNeg     . . .     Faith    .   F - +4 leather armour of the Purple Skies {rC+ Stlth+}
rPois    .         Spirit   .   (no helmet)
rElec    .         Reflect  .   (no cloak)
rCorr    .         Harm     .   (no gloves)
MR       +....                  (no boots)
Stlth    +++.......             (no amulet)
HPRegen  0.00/turn              C - ring of protection from fire
MPRegen  0.12/turn              d - +6 ring of strength

@: non-regenerating
A: damage resistance, heal wounds, sense surroundings 2, no regeneration
a: Heal Wounds, Minor Destruction, Renounce Religion


You were on level 8 of the Dungeon.
You worshipped Makhleb.
Makhleb was pleased with you.
You were very hungry.

You visited 2 branches of the dungeon, and saw 9 of its levels.

You collected 423 gold pieces.
You spent 144 gold pieces at shops.

Inventory:

Hand Weapons
 a - a +2 war axe (weapon)
 B - a +0 whip of flaming
Missiles
 t - 79 stones (quivered)
Armour
 b - a +0 scale mail
 c - a +0 shield (worn)
 l - a +0 chain mail
 F - the +4 leather armour of the Purple Skies (worn) {rC+ Stlth+}
   (You found it on level 8 of the Dungeon)

   It protects you from cold.
   It makes you more stealthy.
 K - a +0 scale mail
Jewellery
 d - a +6 ring of strength (right hand)
 v - an uncursed ring of magical power
 w - a +3 ring of intelligence
 y - an uncursed ring of magical power
 C - a ring of protection from fire (left hand)
Wands
 A - a wand of iceblast (4)
 E - a wand of enslavement (1)
 L - a wand of paralysis (5)
Scrolls
 e - 5 scrolls of teleportation
 i - 2 scrolls of magic mapping {unknown}
 n - a scroll of immolation
 o - 2 scrolls of fear
 q - 2 scrolls of remove curse
 r - a scroll of enchant armour {unknown}
 s - a scroll of identify
 x - 4 scrolls of fog
 G - a scroll of noise {unknown}
 H - a scroll of silence {unknown}
 J - a scroll of blinking {unknown}
Potions
 g - a potion of berserk rage
 h - a potion of cancellation
 j - a potion of mutation {unknown}
 k - 3 potions of flight
 m - 6 potions of agility
 p - a potion of resistance {unknown}
 u - 2 potions of lignification {unknown}
 z - a potion of curing
 D - a potion of magic {unknown}
Comestibles
 f - 26 rations


   Skills:
 + Level 5.6 Fighting
 + Level 11.0 Axes
 + Level 1.3 Throwing
 + Level 8.1 Armour
 + Level 4.1 Dodging
 + Level 4.6 Stealth
 + Level 7.7 Shields
 + Level 3.6 Evocations


You had 9 spell levels left.
You didn't know any spells.
Your spell library contained the following spells:

 Spells                   Type           Power        Failure   Level  Hunger
 Summon Small Mammal      Summ           #...         71%         1    ##.....
 Call Imp                 Summ           #.......     85%         2    ###....
 Call Canine Familiar     Summ           #.......     97%         3    ####...
 Summon Guardian Golem    Hex/Summ       #.......     97%         3    ####...
 Summon Ice Beast         Ice/Summ       #.......     100%        4    #####..
 Summon Lightning Spire   Summ/Air       #.......     100%        4    #####..


Dungeon Overview and Level Annotations

Branches:
Dungeon (8/15)             Temple (1/1) D:4            Lair (0/6) D:8

Altars:
Ashenzari
Cheibriados
Elyvilon
Fedhas
Gozag
Hepliaklqana
Kikubaaqudgha
Makhleb
Nemelex Xobeh
Okawaru
Qazlal
Ru
Sif Muna
Trog
Xom
Yredelemnul
Zin

Shops:
D:6 !   D:7 [


Innate Abilities, Weirdness & Mutations

You are resistant to damage.
You can heal yourself by infusing magical energy.
You passively map the area around you.
You do not regenerate.


Message History

* * * LOW HITPOINT WARNING * * *
The orc misses you.
You slice the orc!!
You kill the orc!
Makhleb accepts your kill.
You feel better.
The orc warrior hits you from afar with a +0 glaive!
* * * LOW HITPOINT WARNING * * *
You block the orc warrior's attack.
The orc priest casts a cantrip, but nothing happens.
Things that are here:
a cursed -2 hand axe; a +0 leather armour You barely miss the orc warrior.
The orc warrior hits you with a +0 glaive!
* * * LOW HITPOINT WARNING * * *
You closely miss the orc warrior.
You hit the orc warrior but do no damage.
You slash the orc priest!
The orc warrior hits you with a +0 glaive!!
You die...

###...... , ,, *
##......... ,....... ...
#.....##... #.....# *..
##.....###.. ##..o..#
#.## ##......# ##.
#.....# #..# ###..##...#
## ##.....#
##.###...####..# #
##.....# ##...#...##
#..## # #......###
##..o....## #...#
.........###...o@..##
##..####
.#...##...)....##..###
#...##. #...#
###.....###....####
#...... ...#
##..####........###.....#
..# #..#
##..##..........### .#*
#..###..#####>......## #
#..##..# ###....## *
##...)..# #.<)..## *
##.......## ##).)...#


You could see an orc warrior and an orc priest.

Vanquished Creatures
  A centaur warrior (D:8)
  A two-headed ogre (D:8)
  Pikel (D:7)
  Grinder (D:5)
  A hippogriff (D:7)
  A wyvern (D:8)
  4 hogs (D:7)
  A human (D:7)
  Grum (D:8)
  Menkaure (D:5)
  Duvessa (D:6)
  3 orc warriors (D:8)
  2 ice beasts
  4 sky beasts
  A phantom (D:7)
  An ogre (D:8)
  3 centaurs
  2 wolves (D:8)
  3 bullfrogs
  Dowan (D:6)
  A scorpion (D:8)
  A water moccasin skeleton (D:8)
  A howler monkey (D:8)
  4 crimson imps
  3 hounds
  3 jellies
  2 bullfrog skeletons (D:6)
  An orc priest (D:8)
  Jessica (D:3)
  3 iguanas
  5 worker ants
  5 orc wizards
  A hound skeleton (D:7)
  11 adders
  5 shadow imps
  3 adder skeletons
  3 worms
  3 dart slugs
  9 leopard geckos
  14 orcs
  2 bat zombies (D:6)
  5 giant cockroaches
  8 goblins
  8 hobgoblins
  6 jackals
  2 quokkas
  4 bats
  9 frilled lizards
  A jackal zombie (D:7)
  8 kobolds
  A leopard gecko zombie (D:5)
  A quokka skeleton (D:8)
  9 rats
  A spectral orc (D:7)
178 creatures vanquished.

Vanquished Creatures (collateral kills)
  An orc (D:8)
1 creature vanquished.

Vanquished Creatures (others)
  A slave (D:7)
  4 toadstools (D:1)
5 creatures vanquished.

Grand Total: 184 creatures vanquished

Notes
Turn   | Place    | Note
-------+----------+-------------------------------------------
     0 | D:1      | Kairos the Deep Dwarf Fighter began the quest for the Orb.
     0 | D:1      | Reached XP level 1. HP: 20/20 MP: 1/1
    90 | D:1      | Reached XP level 2. HP: 22/27 MP: 2/2
   650 | D:2      | Reached XP level 3. HP: 33/33 MP: 3/3
   652 | D:2      | Reached skill level 3 in Axes
   760 | D:2      | Reached XP level 4. HP: 40/40 MP: 4/4
  1082 | D:2      | Found a shattered altar of Ashenzari.
  1162 | D:2      | Reached skill level 4 in Axes
  1576 | D:3      | Found a shimmering altar of Xom.
  1577 | D:3      | Found a hazy altar of Hepliaklqana.
  1578 | D:3      | Noticed a spectral ugly thing
  1625 | D:3      | Noticed a centaur
  1648 | D:3      | Killed a centaur
  1648 | D:3      | Reached XP level 5. HP: 11/49 MP: 5/5
  2068 | D:3      | Reached skill level 1 in Dodging
  2102 | D:3      | Reached XP level 6. HP: 37/56 MP: 6/6
  2119 | D:3      | Noticed Jessica
  2130 | D:3      | Killed Jessica
  2275 | D:3      | Reached skill level 5 in Axes
  2299 | D:3      | Reached skill level 5 in Shields
  2572 | D:4      | Noticed an ice beast
  2579 | D:4      | Killed an ice beast
  2579 | D:4      | Reached skill level 1 in Evocations
  2707 | D:4      | Found a staircase to the Ecumenical Temple.
  2713 | Temple   | Entered the Ecumenical Temple
  2789 | Temple   | Became a worshipper of Makhleb the Destroyer
  2931 | D:4      | Found a white marble altar of Elyvilon.
  2977 | D:4      | Found an opulent altar of Gozag.
  3622 | D:5      | Entered Level 5 of the Dungeon
  3700 | D:5      | Reached XP level 7. HP: 23/62 MP: 8/8
  3852 | D:5      | Noticed Grinder
  3970 | D:5      | Reached skill level 6 in Axes
  4003 | D:5      | Reached skill level 5 in Armour
  4012 | D:5      | Found a shimmering altar of Xom.
  4066 | D:5      | Found a white marble altar of Elyvilon.
  4121 | D:5      | Killed Grinder
  4334 | D:5      | Noticed Menkaure
  4370 | D:5      | Killed Menkaure
  4370 | D:5      | Reached XP level 8. HP: 4/72 MP: 9/9
  4449 | D:5      | Found a sacrificial altar of Ru.
  4731 | D:6      | Reached skill level 7 in Axes
  5049 | D:6      | Found Deklodinn's Distillery.
  5060 | D:6      | Bought a potion of curing for 36 gold pieces
  5060 | D:6      | Bought a potion of heal wounds for 60 gold pieces
  5060 | D:6      | Bought a potion of agility for 48 gold pieces
  5263 | D:6      | Found an ancient bone altar of Kikubaaqudgha.
  5368 | D:6      | Noticed Duvessa
  5368 | D:6      | Noticed Dowan
  5386 | D:6      | Killed Duvessa
  5386 | D:6      | Reached skill level 1 in Stealth
  5391 | D:6      | Killed Dowan
  5391 | D:6      | Reached * piety under Makhleb
  5861 | D:7      | Found Nutruemaywk's Antique Armour Shoppe.
  5915 | D:7      | Reached skill level 8 in Axes
  5923 | D:7      | Gained mutation: You passively map the area around you.
                  | [Deep Dwarf growth]
  5923 | D:7      | Reached XP level 9. HP: 25/79 MP: 10/10
  6112 | D:7      | Noticed Pikel
  6143 | D:7      | Killed Pikel
  6143 | D:7      | Reached skill level 9 in Axes
  6143 | D:7      | Reached skill level 1 in Throwing
  6376 | D:7      | Found a basalt altar of Yredelemnul.
  6474 | D:7      | Found an iron altar of Okawaru.
  6475 | D:7      | Found a bloodstained altar of Trog.
  6608 | D:7      | Reached skill level 5 in Fighting
  6684 | D:7      | Found a sparkling altar of Nemelex Xobeh.
  6892 | D:8      | Got a polished leather armour
  6893 | D:8      | Identified the +4 leather armour of the Purple Skies {rC+
                  | Stlth+} (You found it on level 8 of the Dungeon)
  7013 | D:8      | Noticed a two-headed ogre
  7276 | D:7      | Reached ** piety under Makhleb
  7408 | D:8      | Reached skill level 10 in Axes
  7599 | D:8      | Noticed a centaur warrior
  7636 | D:8      | HP: 4/81 [centaur warrior (12)]
  7638 | D:8      | Killed a centaur warrior
  7638 | D:8      | Reached XP level 10. HP: 4/88 MP: 11/11
  7707 | D:8      | Found a staircase to the Lair.
  7766 | D:8      | Killed a two-headed ogre
  7804 | D:8      | Noticed Grum
  7821 | D:8      | Killed Grum
  8147 | D:8      | Reached skill level 11 in Axes
  8203 | D:8      | Mangled by an orc warrior

Skill      XL: |  1  2  3  4  5  6  7  8  9 10 |
---------------+-------------------------------+-----
Axes           | 3 4 5 6 8 10 11 | 11.0
Shields        | 4 5 6 7 |  7.7
Fighting       | 3 4 5 |  5.6
Armour         | 4 5 6 8 |  8.1
Dodging        | 1 2 3 4 |  4.1
Evocations     | 1 2 3 |  3.6
Stealth        | 3 4 |  4.6
Throwing       | 1 |  1.3

Action                   |  1- 3 |  4- 6 |  7- 9 | 10-12 || total
-------------------------+-------+-------+-------+-------++-------
Melee: War axe           |    97 |   237 |   333 |    75 ||   742
Throw: Stone             |       |       |    29 |     2 ||    31
Invok: Minor Destruction |       |       |       |     1 ||     1
 Abil: Heal Wounds       |       |     1 |     4 |     5 ||    10
Evoke: Wand              |       |    34 |    17 |     4 ||    55
  Use: Potion            |     3 |     5 |     5 |       ||    13
       Scroll            |     1 |       |     9 |     1 ||    11
 Stab: Invisible         |       |       |     5 |       ||     5
       Sleeping          |       |       |     2 |     1 ||     3
       Distracted        |       |       |     1 |       ||     1
  Eat: Chunk             |       |     7 |    12 |     1 ||    20
       Ration            |       |     1 |       |       ||     1
Armor: Scale mail        |    41 |       |       |       ||    41
       Chain mail        |       |   160 |   119 |       ||   279
       Leather armour    |       |       |    22 |    12 ||    34
Dodge: Dodged            |    30 |    51 |    84 |    31 ||   196
Block: Shield            |    56 |   141 |   153 |    46 ||   396
